[Event "Late-Titled-Tuesday-Blitz-August-29-2023"]
[Site "Chess.com"]
[Date "2023.08.29"]
[Round "7"]
[White "viktorgen2021"]
[Black "WPWPWP-2015"]
[Result "1/2-1/2"]
[WhiteElo "2440"]
[BlackElo "2558"]
[TimeControl "180+1"]
[EndTime "15:19:03 PDT"]
[Termination "Game drawn by 50-move rule"]

1. d4 Nf6 2. Nf3 e6 3. g3 c5 4. Bg2 Nc6 5. c3 Be7 6. O-O O-O 7. Bg5 b6 8. Ne5 Bb7 9. Nxc6 Bxc6 10. Bxc6 dxc6 11.
Bxf6 gxf6 12. dxc5 Qxd1 13. Rxd1 Bxc5 14. Nd2 Rfd8 15.
Nf3 Bf8 16. e3 c5 17. Kf1 Be7 18. Ke2 Kf8 19. Rxd8+ Bxd8 20. Rd1 Ke7 21. e4 Bc7 22.
Ne1 c4 23. f4 b5 24. Nc2 a6 25. a4 Rb8 26. Nb4 Rb6 27. axb5 axb5 28. Ra1 Rb7 29. Ra8 Bd6 30. Nc6+ Kd7 31. Nd8 Rc7 32. Nxf7 Bc5 33. Rh8 Ke7 34. Nh6 Kd6 35. Ng4 f5 36. e5+ Kc6 37. Nf6 b4 38. Rxh7 Rc8 39. Nd7 Bg1 40. cxb4 Kb5 41. Nc5 Bxc5 42. bxc5 Kxc5 43. Kd2 Ra8 44.
Kc3 Rc8 45. Re7 Rh8 46. Rc7+ Kd5 47. Rxc4 Rxh2 48. Rd4+ Kc5 49. Rd6 Rg2 50. Rxe6 Rxg3+ 51. Kc2 Rf3 52. b4+ Kxb4 53. Rc6 Rxf4 54. Kd3 Kb5 55. Rc1 Re4 56. e6 Rxe6 57. Kd4 Re4+ 58.
Kd5 Re8 59. Rb1+ Ka4 60. Rf1 Rf8 61. Ke5 Re8+ 62. Kf4 Rf8 63. Rd1 Kb4 64. Rd5 Kc4 65. Rxf5 Rh8 66. Rg5 Rh1 67. Rg4 Kd3 68. Kg3 Ke3 69.
Ra4 Rb1 70. Ra3+ Ke4 71. Ra4+ Kf5 72. Ra5+ Ke4 73. Ra4+ Ke3 74. Ra3+ Kd4 75. Ra4+ Kc3 76. Ra3+ Kb4 77. Rf3 Rc1 78. Rf4+ Kc5 79. Rf3 Kd4 80. Rf4+ Ke5 81. Ra4 Rc3+ 82. Kf2 Rb3 83. Ra5+ Ke4 84. Ra4+ Kd3 85. Rf4 Rb6 86. Rf3+ Kd2 87. Ra3 Rf6+ 88. Kg3 Ke2 89. Ra2+ Kd3 90. Ra3+ Ke4 91. Ra4+ Ke3 92.
Ra3+ Kd4 93. Ra4+ Ke5 94. Ra5+ Ke4 95. Ra4+ Kd5 96. Ra5+ Kc4 97. Ra4+ Kc3 98. Rf4 Rg6+ 99. Rg4 Rh6 100. Rh4 Re6 101. Rf4 Kd3 102. Rf3+ Ke2 103. Ra3 Rg6+ 104. Kf4 Rf6+ 105. Ke5 Rf8 106. Ra2+ Kf3 107. Ra3+ Kg4 108. Ke6 Re8+ 109. Kf7 Re5 110. Ra4+ Kf5 111. Ra6 Rb5 112. Ra7 Rc5 113. Rd7 Ke5 114. Re7+ Kf5 115. Ra7 1/2-1/2

[Event "Late-Titled-Tuesday-Blitz-August-29-2023"]
[Site "Chess.com"]
[Date "2023.08.29"]
[Round "7"]
[White "19912131712118"]
[Black "slidingknight2775"]
[Result "1/2-1/2"]
[WhiteElo "2420"]
[BlackElo "2536"]
[TimeControl "180+1"]
[EndTime "15:19:54 PDT"]
[Termination "Game drawn by agreement"]

1. e4 c6 2. Nf3 d5 3. exd5 cxd5 4. d4 Nc6 5. Bd3 Nf6 6. h3 g6 7. O-O Bg7 8. c3 O-O 9. Nbd2 Bf5 10. Bxf5 gxf5 11. Re1 e6 12. Nf1 Ne4 13. Bf4 Rc8 14. Qd3 a6 15. Ne3 b5 16. a4 Qb6 17. b4 bxa4 18.
Rxa4 Qb5 19. Qxb5 axb5 20. Ra3 Ra8 21. Rea1 Rxa3 22. Rxa3 Rc8 23. Ne1 Ne7 24. Nd1 Ng6 25.
Nd3 Bf6 26. f3 Nxf4 27. Nxf4 Nxc3 28. Nxc3 Bxd4+ 29. Kf1 Bxc3 30. Ra5 Bxb4 31. Rxb5 Bd6 32. Nh5 Rb8 33. Ra5 Be7 34. g4 fxg4 35. hxg4 Rd8 36. Ra7 Kf8 37. Ke2 Rc8 38. Kd3 d4 39. Rb7 Bc5 40.
Nf6 Kg7 41. Nh5+ Kg6 42. Nf4+ Kg7 43. Nh5+ Kf8 44. Nf6 Kg7 45. Nd7 Bf8 46. Kxd4 Rd8 47. Ke4 Be7 48. Ne5 Kf8 49. f4 Re8 50. Nd7+ Kg7 51. g5 h6 52. gxh6+ Kxh6 53. Ne5 Kg7 54. Nc6 Bf6 55. Rd7 Ra8 56. Rd1 Ra4+ 57. Kf3 Ra3+ 58. Ke4 Rc3 59. Rg1+ Kf8 60. Ne5 Bxe5 61. fxe5 Ke7 62.
Ra1 Rb3 63. Ra7+ Kf8 64. Kf4 Kg7 65. Ra1 Rb4+ 66. Kg5 Re4 67. Ra5 Re1 68. Kh5 Rg1 69.
Rb5 Rg6 70. Ra5 Rh6+ 71. Kg5 Rg6+ 72. Kf4 Rg1 73. Kf3 Rf1+ 74. Ke4 Rf5 75. Ra1 Rh5 76. Rg1+ Kf8 77. Rb1 Rh4+ 78. Ke3 Ke7 79. Rb7+ Kf8 80. Kf3 Rc4 81. Ke3 Kg7 82. Kd3 Rf4 83. Ke3 Ra4 84. Rb1 Kg6 85. Rf1 Rg4 86. Rf6+ Kg7 87. Rf1 Rg3+ 88.
Kf4 Ra3 89. Kg5 Ra4 90. Rb1 Ra5 91. Re1 Rd5 92. Re4 f6+ 93. Kf4 fxe5+ 94. Rxe5 Kf6 95. Re4 Rf5+ 96. Ke3 Ra5 97. Rb4 Re5+ 98. Kf4 Rh5 99. Rb8 Rh4+ 100. Kf3 Ra4 101. Rb6 Kf5 102. Rb8 Ra3+ 103.
Ke2 Kf4 104. Rb4+ Kf5 105. Rb8 e5 106. Rb5 Ke4 107. Rb4+ Kd5 108. Rb5+ Ke6 109. Rb6+ Kf5 110. Rb5 Kf4 111. Rb8 Ra2+ 112. Ke1 e4 113. Rb7 Kf3 114. Rb8 Ra1+ 115. Kd2 Ra2+ 116. Ke1 Ra1+ 117. Kd2 e3+ 118. Kd3 Ra3+ 119. Kc2 e2 120. Rf8+ Kg2 121. Kd2 Ra2+ 122. Ke1 Ra1+ 123. Kxe2 Ra2+ 124. Ke3 Ra3+ 125. Kd4 Rg3 126. Re8 Rg4+ 127. Kd5 Rg3 128. Kd6 Rd3+ 129. Kc5 Rc3+ 130. Kd4 Rf3 131. Rg8+ Rg3 132. Rf8 Rf3 133. Rh8 Rg3 134. Rf8 Rg4+ 135. Ke5 Rg3 136. Ke6 1/2-1/2

[Event "Late-Titled-Tuesday-Blitz-August-29-2023"]
[Site "Chess.com"]
[Date "2023.08.29"]
[Round "8"]
[White "aqibjbutt"]
[Black "Rinqed222"]
[Result "1-0"]
[WhiteElo "2011"]
[BlackElo "2203"]
[TimeControl "180+1"]
[EndTime "15:22:16 PDT"]
[Termination "aqibjbutt won by resignation"]

1. d4 Nf6 2. Nf3 g6 3. g3 Bg7 4.
Bg2 O-O 5. O-O d6 6. Nbd2 c5 7. c3 Nc6 8. dxc5 dxc5 9. Nc4 Be6 10. Nce5 Nxe5 11. Nxe5 Bd5 12. Be3 Bxg2 13. Kxg2 Qd7 14. Nxd7 1-0

[Event "Late-Titled-Tuesday-Blitz-August-29-2023"]
[Site "Chess.com"]
[Date "2023.08.29"]
[Round "8"]
[White "Michalczak"]
[Black "NovikovaGalina"]
[Result "1-0"]
[WhiteElo "2510"]
[BlackElo "2408"]
[TimeControl "180+1"]
[EndTime "15:22:24 PDT"]
[Termination "Michalczak won by resignation"]

1. e4 e6 2. d4 d5 3. Nc3 Bb4 4. e5 c5 5. a3 Bxc3+ 6. bxc3 Ne7 7. Qg4 Kf8 8. a4 Qa5 9. Bd2 Qc7 10. Bd3 b6 11.
Nh3 Ba6 12. Bb5 Bxb5 13. axb5 cxd4 14. cxd4 Qxc2 15. Rc1 Qe4+ 16. Qxe4 dxe4 17. Ng5 Nd5 18. Rc8+ Ke7 19. Rxh8 1-0

[Event "Late-Titled-Tuesday-Blitz-August-29-2023"]
[Site "Chess.com"]
[Date "2023.08.29"]
[Round "8"]
[White "LeninGuerra"]
[Black "viktorgen2021"]
[Result "1-0"]
[WhiteElo "2554"]
[BlackElo "2434"]
[TimeControl "180+1"]
[EndTime "15:23:08 PDT"]
[Termination "LeninGuerra won by resignation"]

1. e4 c6 2. Nf3 d5 3. exd5 cxd5 4.
Ne5 Nc6 5. Bb5 Qc7 6. Qe2 a6 7. Bxc6+ bxc6 8. O-O a5 9. b3 Ba6 10. d3 e6 11. Re1 Be7 12. Bb2 Bf6 13. Nd2 Ne7 14. Ndf3 a4 15. Nxf7 Bxb2 16. Nxh8 Bxa1 17. Qxe6 Bf6 18. Qg8+ Kd7 19. Qxa8 1-0

[Event "Late-Titled-Tuesday-Blitz-August-29-2023"]
[Site "Chess.com"]
[Date "2023.08.29"]
[Round "8"]
[White "Bauman_Guy"]
[Black "Kleyton_Lima"]
[Result "1-0"]
[WhiteElo "2856"]
[BlackElo "2546"]
[TimeControl "180+1"]
[EndTime "15:23:14 PDT"]
[Termination "Bauman_Guy won by resignation"]

1. e4 c5 2. Nf3 d6 3. d4 cxd4 4. Nxd4 Nf6 5. Nc3 a6 6. h3 e6 7.
g3 Nc6 8. Bg2 Bd7 9. O-O Be7 10.
a4 O-O 11. Nxc6 bxc6 12. a5 e5 13. Be3 Be6 14. Na4 Nd7 15. b3 f5 16. exf5 Bxf5 17. Bxc6 Bxh3 18. Qd5+ Kh8 19. Bxa8 Bxf1 20. Kxf1 Qxa8 21.
Qxa8 Rxa8 22. Nb6 Rd8 23. Nd5 Bf6 24. c4 Kg8 25. b4 Kf7 26. b5 axb5 27. cxb5 Nc5 28.
Bxc5 dxc5 29. a6 e4 30. Ra2 Rxd5 31. a7 Rd8 32. a8=Q Rxa8 33. Rxa8 Ke6 34. b6 1-0

[Event "Late-Titled-Tuesday-Blitz-August-29-2023"]
[Site "Chess.com"]
[Date "2023.08.29"]
[Round "8"]
[White "mishanick"]
[Black "AvitalBor"]
[Result "1-0"]
[WhiteElo "3136"]
[BlackElo "2764"]
[TimeControl "180+1"]
[EndTime "15:23:30 PDT"]
[Termination "mishanick won by resignation"]

1. d4 e6 2. c4 Nf6 3. Nc3 c5 4.
d5 exd5 5. cxd5 g6 6. e4 d6 7. Be2 Bg7 8. Nf3 O-O 9. Be3 Re8 10. Nd2 b5 11. Bxb5 Nbd7 12. O-O Rb8 13. Bf4 Nh5 14. Bxd6 Bxc3 15. Bxb8 Bxd2 16. Qxd2 Nxb8 17. Bxe8 Qxe8 18.
Rae1 Ba6 19. e5 Bxf1 20. Kxf1 Qb5+ 21. Kg1 Nd7 22. e6 fxe6 23. dxe6 Ndf6 24. Qd8+ Qe8 25.
Qxe8+ Nxe8 26. Rc1 Nf4 27. Rxc5 Nxe6 28. Ra5 N8c7 29.
Rxa7 Kf7 30. b4 Kf6 31. a4 Ke5 32. b5 Nd5 33. Rxh7 Nc5 34. a5 1-0

[Event "Late-Titled-Tuesday-Blitz-August-29-2023"]
[Site "Chess.com"]
[Date "2023.08.29"]
[Round "8"]
[White "Kombinator01"]
[Black "powermove"]
[Result "1-0"]
[WhiteElo "2452"]
[BlackElo "2091"]
[TimeControl "180+1"]
[EndTime "15:23:33 PDT"]
[Termination "Kombinator01 won by resignation"]

1. d4 d5 2. Bf4 c5 3. e3 Nf6 4. Nf3 Qb6 5. Nbd2 Nc6 6. dxc5 Qxc5 7. a3 Bg4 8. c4 Rd8 9. Rc1 e6 10. h3 Bh5 11. b4 Qb6 12. c5 Bxc5 13. Rxc5 O-O 14. Be2 Rfe8 15. O-O e5 16. Bg5 a5 17. Bxf6 gxf6 18. Rb5 Qa7 19. bxa5 Nxa5 20. Qa4 1-0

[Event "Late-Titled-Tuesday-Blitz-August-29-2023"]
[Site "Chess.com"]
[Date "2023.08.29"]
[Round "8"]
[White "Young_Catalan_Player09"]
[Black "Mesa_1"]
[Result "1-0"]
[WhiteElo "2444"]
[BlackElo "2535"]
[TimeControl "180+1"]
[EndTime "15:23:52 PDT"]
[Termination "Young_Catalan_Player09 won by resignation"]

1. d4 g6 2. Nf3 Bg7 3. Bf4 d6 4. e3 Nd7 5. h3 e5 6. Bh2 Ne7 7. Nbd2 O-O 8. c3 f5 9. Qb3+ Kh8 10. Ng5 Nf6 11. Nf7+ Rxf7 12. Qxf7 exd4 13. cxd4 Ned5 14.
Bc4 c6 15. O-O Bd7 16. Bxd5 cxd5 17. Bxd6 Bb5 18. Qxb7 Bxf1 19. Rxf1 Nd7 20. Rc1 Nb6 21. Rc7 Qxd6 22. Rxg7 Qf6 23. Rxh7+ Kg8 24. Rc7 f4 25. Rc6 Qf7 26. Rxb6 1-0

[Event "Late-Titled-Tuesday-Blitz-August-29-2023"]
[Site "Chess.com"]
[Date "2023.08.29"]
[Round "8"]
[White "Fore_Man"]
[Black "nassimzrikem"]
[Result "0-1"]
[WhiteElo "2294"]
[BlackElo "2165"]
[TimeControl "180+1"]
[EndTime "15:24:06 PDT"]
[Termination "nassimzrikem won by resignation"]

1. Nf3 Nf6 2. d4 e6 3. c4 d5 4. g3 c6 5. Qc2 Nbd7 6. Bg2 Be7 7. O-O O-O 8. b3 b6 9. Bb2 Bb7 10. Nbd2 Rc8 11. e4 c5 12. exd5 exd5 13. cxd5 cxd4 14. Qd3 Nc5 15. Qxd4 Qxd5 16. Qxd5 Bxd5 17. Ne5 Bxg2 18. Kxg2 Bd6 19. Ndf3 Rfe8 20. Rfe1 h5 21. Rad1 Bb8 22. Bd4 Ng4 23. Nxg4 hxg4 24. Ne5 Bxe5 25. Rxe5 Ne6 26.
Rde1 Red8 27. Bb2 Rd2 28. R1e2 Rcc2 29. Ba3 Rxe2 0-1

[Event "Late-Titled-Tuesday-Blitz-August-29-2023"]
[Site "Chess.com"]
[Date "2023.08.29"]
[Round "8"]
[White "HajiyevKanan"]
[Black "Veleamater"]
[Result "1-0"]
[WhiteElo "2459"]
[BlackElo "2281"]
[TimeControl "180+1"]
[EndTime "15:24:07 PDT"]
[Termination "HajiyevKanan won by checkmate"]

1. d4 d6 2. Nf3 g6 3. g3 Bg7 4. Bg2 Nf6 5. O-O O-O 6. b3 Nc6 7. Bb2 e5 8. c4 Ng4 9. h3 Nh6 10. dxe5 Nxe5 11. Nc3 Nxf3+ 12. exf3 Nf5 13. Qd2 Nd4 14. f4 Nc6 15. Nd5 f6 16. Rfe1 a5 17. Kh2 Bd7 18. Rad1 Rf7 19. Ne3 h5 20. f5 Ne5 21. fxg6 Re7 22. Bxb7 Bc6 23. Bxc6 Rb8 24. Bd5+ Kh8 25. Nf5 c6 26. Nxe7 cxd5 27. Nxd5 Nf3+ 28. Kg2 Nxd2 29. Rxd2 a4 30. Re7 axb3 31. Rxg7 bxa2 32.
Rh7+ Kg8 33. Bxf6 Qf8 34. Rh8# 1-0

[Event "Late-Titled-Tuesday-Blitz-August-29-2023"]
[Site "Chess.com"]
[Date "2023.08.29"]
[Round "8"]
[White "bescmelasti"]
[Black "kiwibobo"]
[Result "0-1"]
[WhiteElo "2588"]
[BlackElo "2384"]
[TimeControl "180+1"]
[EndTime "15:24:16 PDT"]
[Termination "kiwibobo won by resignation"]

1. e4 e5 2. Nf3 Nc6 3. Bc4 Nf6 4. d3 Bc5 5. O-O d6 6. c3 a6 7. a4 h6 8. Re1 O-O 9. Nbd2 Re8 10. h3 Be6 11. b4 Ba7 12. Bxe6 Rxe6 13. Qc2 Qd7 14.
Bb2 Ne7 15. c4 Ng6 16. c5 a5 17. cxd6 Rxd6 18. Nc4 Rxd3 19. bxa5 Rxf3 20. gxf3 Qxh3 0-1

[Event "Late-Titled-Tuesday-Blitz-August-29-2023"]
[Site "Chess.com"]
[Date "2023.08.29"]
[Round "8"]
[White "cottage_cheese"]
[Black "Elshan1985"]
[Result "0-1"]
[WhiteElo "2314"]
[BlackElo "2792"]
[TimeControl "180+1"]
[EndTime "15:24:26 PDT"]
[Termination "Elshan1985 won by checkmate"]

1. e4 c5 2. Nf3 Nc6 3. Bb5 e5 4. c3 a6 5. Bxc6 dxc6 6. O-O Bg4 7. h3 Bh5 8. d3 Bd6 9. Be3 Ne7 10. Nbd2 O-O 11. Nc4 f6 12. Qb3 Kh8 13. Nxd6 Qxd6 14. Qb6 Bxf3 15. gxf3 Qxd3 16. Rad1 Qe2 17. Kg2 Ng6 18.
Kg3 f5 19. exf5 Rxf5 20. Rd2 Qxf3+ 21. Kh2 Raf8 22. Qxc5 Rh5 23. Kg1 Rxh3 24. Bf4 Rh1# 0-1

[Event "Late-Titled-Tuesday-Blitz-August-29-2023"]
[Site "Chess.com"]
[Date "2023.08.29"]
[Round "8"]
[White "rachidhuilda"]
[Black "Langusto"]
[Result "0-1"]
[WhiteElo "2354"]
[BlackElo "2490"]
[TimeControl "180+1"]
[EndTime "15:24:27 PDT"]
[Termination "Langusto won by checkmate"]

1. d4 d5 2. Nf3 Nf6 3. c4 dxc4 4. e3 a6 5. Bxc4 b5 6. Bb3 Bb7 7. O-O e6 8. Nc3 Nbd7 9. Qe2 c5 10. Rd1 Qb6 11. Ne5 Nxe5 12. dxe5 Nd7 13. f4 Be7 14. Bc2 f5 15. Bd2 O-O 16. Be1 Rad8 17. Bf2 Qc6 18. Bg3 c4 19. Rd2 Nc5 20. Rad1 Rxd2 21. Rxd2 Rd8 22.
Rxd8+ Bxd8 23. a3 Bb6 24. Bf2 Qxg2# 0-1

[Event "Late-Titled-Tuesday-Blitz-August-29-2023"]
[Site "Chess.com"]
[Date "2023.08.29"]
[Round "8"]
[White "KorolDimitriy75"]
[Black "ferrufino64"]
[Result "1-0"]
[WhiteElo "2333"]
[BlackElo "2135"]
[TimeControl "180+1"]
[EndTime "15:24:28 PDT"]
[Termination "KorolDimitriy75 won by resignation"]

1. d4 d5 2. c4 e6 3. Nc3 Nf6 4. Bg5 Be7 5. cxd5 exd5 6. e3 c6 7. Bd3 Nbd7 8. Qc2 O-O 9. Nge2 Re8 10. f3 Nf8 11. O-O Be6 12. Rad1 N6d7 13. Bxe7 Qxe7 14. e4 dxe4 15. fxe4 Bg4 16. h3 Bh5 17. Rf2 Rad8 18. Rdf1 Ne6 19. e5 Rf8 20. Qd2 Nb6 21. Qe3 Nd5 22.
Nxd5 Rxd5 23. Nf4 Nxf4 24. Rxf4 c5 25. Qe4 f5 26. Qxd5+ 1-0

[Event "Late-Titled-Tuesday-Blitz-August-29-2023"]
[Site "Chess.com"]
[Date "2023.08.29"]
[Round "8"]
[White "Training_Day"]
[Black "Dzidzik2203"]
[Result "1-0"]
[WhiteElo "2463"]
[BlackElo "2345"]
[TimeControl "180+1"]
[EndTime "15:24:29 PDT"]
[Termination "Training_Day won by resignation"]

1. e4 e5 2. f4 exf4 3. Nf3 Ne7 4. d4 c6 5. Bxf4 d5 6. Nc3 dxe4 7. Nxe4 Ng6 8. Bg3 Be7 9. Bd3 O-O 10. O-O Bg4 11.
c3 Nd7 12. h3 Bh5 13. Qb3 b6 14. Rae1 c5 15. Kh1 cxd4 16. Nxd4 Nc5 17. Nxc5 Bxc5 18.
Rf5 Bg4 19. hxg4 Bxd4 20. cxd4 Qxd4 21. Ref1 Qxg4 22. Rxf7 Rxf7 23. Qxf7+ Kh8 24. Bxg6 hxg6 25. Qf3 Qg5 26. Qxa8+ 1-0

[Event "Late-Titled-Tuesday-Blitz-August-29-2023"]
[Site "Chess.com"]
[Date "2023.08.29"]
[Round "8"]
[White "The_Straightforward_Rook"]
[Black "GoltsevDmitry2000"]
[Result "1/2-1/2"]
[WhiteElo "2512"]
[BlackElo "2630"]
[TimeControl "180+1"]
[EndTime "15:24:39 PDT"]
[Termination "Game drawn by repetition"]

1. d4 e6 2. c4 Nf6 3. Nf3 b6 4. g3 Bb7 5. Bg2 Bb4+ 6. Bd2 Be7 7. d5 exd5 8. Nd4 O-O 9. Nc3 c6 10. cxd5 Nxd5 11. Nxd5 cxd5 12. O-O Bf6 13. Bf4 d6 14. Rc1 Be5 15. Nf5 Qf6 16. Bxd5 Bxd5 17. Qxd5 Na6 18.
e4 Nc5 19. b4 Ne6 20. Be3 g6 21.
Nh6+ Kg7 22. Ng4 Qf3 23. Bh6+ Kg8 24. Nxe5 dxe5 25. Bxf8 Nf4 26. gxf4 Qg4+ 27. Kh1 Qf3+ 28. Kg1 Qg4+ 29. Kh1 Qf3+ 30. Kg1 1/2-1/2

[Event "Late-Titled-Tuesday-Blitz-August-29-2023"]
[Site "Chess.com"]
[Date "2023.08.29"]
[Round "8"]
[White "Garmendiarov"]
[Black "betta2004"]
[Result "0-1"]
[WhiteElo "2342"]
[BlackElo "2577"]
[TimeControl "180+1"]
[EndTime "15:24:44 PDT"]
[Termination "betta2004 won by checkmate"]

1. e4 e5 2. Nf3 Nf6 3. Nxe5 Nc6 4. Nxc6 dxc6 5. Nc3 Bc5 6. Be2 h5 7. h3 Qd4 8. O-O Ng4 9. hxg4 hxg4 10. Bxg4 Qe5 11.
Bh5 Rxh5 12. Re1 Qh2+ 13. Kf1 Qh1+ 14. Ke2 Qxg2 15. Kd3 Bg4 16. Rg1 O-O-O+ 17. Kc4 Be6+ 18. Nd5 Qxe4+ 19. d4 Qxd5+ 20. Kd3 Qxd4+ 21. Ke2 Qxf2# 0-1

[Event "Late-Titled-Tuesday-Blitz-August-29-2023"]
[Site "Chess.com"]
[Date "2023.08.29"]
[Round "8"]
[White "AsaHoffmann"]
[Black "gunslinger222"]
[Result "0-1"]
[WhiteElo "2356"]
[BlackElo "2464"]
[TimeControl "180+1"]
[EndTime "15:24:51 PDT"]
[Termination "gunslinger222 won by resignation"]

1. d4 Nf6 2. Bg5 c5 3. d5 h6 4. Bh4 g5 5. Bg3 d6 6. Nc3 b5 7. Nxb5 Qa5+ 8. Nc3 Ne4 9. Qd3 Bg7 10. Qxe4 Bxc3+ 11. Kd1 f5 12. Qd3 Bxb2 13. Rb1 Bf6 14. h4 Qxa2 15. Rc1 c4 16. Qf3 g4 17. Qe3 c3 18.
Bf4 Qxd5+ 19. Ke1 Bd4 20. Qg3 e5 21. Be3 f4 22. Qxg4 Bxg4 0-1

[Event "Late-Titled-Tuesday-Blitz-August-29-2023"]
[Site "Chess.com"]
[Date "2023.08.29"]
[Round "8"]
[White "Road2GM3000"]
[Black "sorch29"]
[Result "1-0"]
[WhiteElo "2499"]
[BlackElo "2399"]
[TimeControl "180+1"]
[EndTime "15:24:52 PDT"]
[Termination "Road2GM3000 won on time"]

1. d4 Nf6 2. c4 g6 3. Nc3 d6 4. e4 Bg7 5. f4 O-O 6. Nf3 Na6 7.
Bd3 Bg4 8. O-O Nd7 9. h3 Bxf3 10. Qxf3 Bxd4+ 11. Kh1 Bg7 12. Qg3 Nac5 13. Bc2 Ne6 14. f5 Nd4 15. Bd1 Ne5 16. Bg5 c6 17. c5 dxc5 18. Bb3 Nxb3 19. axb3 Qc7 20. Bf4 b6 21.
Rfd1 a5 22. Na4 Rad8 23. Nxb6 Rxd1+ 24. Rxd1 Qxb6 25. Bxe5 Bxe5 26. Qxe5 Qxb3 27. Rd7 a4 28. Rxe7 c4 29. f6 Qb8 30. Qg5 Rd8 31. Qh6 1-0

[Event "Late-Titled-Tuesday-Blitz-August-29-2023"]
[Site "Chess.com"]
[Date "2023.08.29"]
[Round "8"]
[White "Piotrek1979"]
[Black "jcreyes69"]
[Result "1-0"]
[WhiteElo "2460"]
[BlackElo "2351"]
[TimeControl "180+1"]
[EndTime "15:24:59 PDT"]
[Termination "Piotrek1979 won by resignation"]

1. Nf3 d5 2. g3 g6 3. Bg2 Bg7 4. c4 d4 5. O-O e5 6. d3 Ne7 7. b4 O-O 8. Nbd2 h6 9. Nb3 f5 10. a4 Be6 11. b5 Nd7 12. Ba3 g5 13. a5 g4 14. Nfd2 Rf6 15. Bxb7 Rb8 16. Bg2 Ng6 17. Nc5 Nxc5 18. Bxc5 Ra8 19. Nb3 f4 20. Be4 h5 21.
e3 h4 22. exf4 exf4 23. Re1 hxg3 24. hxg3 fxg3 25. fxg3 Ne5 26. Nxd4 Bd7 27. Bd5+ Nf7 28. Be7 Qc8 29. Bxf6 Bxf6 30. Ne6 Nh6 1-0

[Event "Late-Titled-Tuesday-Blitz-August-29-2023"]
[Site "Chess.com"]
[Date "2023.08.29"]
[Round "8"]
[White "Elsa167"]
[Black "OparinGrigoriy"]
[Result "1/2-1/2"]
[WhiteElo "2891"]
[BlackElo "2977"]
[TimeControl "180+1"]
[EndTime "15:25:01 PDT"]
[Termination "Game drawn by repetition"]

1. d4 Nf6 2. c4 e6 3. Nf3 b6 4. Bf4 Bb7 5. e3 Ne4 6. Bd3 Bb4+ 7. Nbd2 f5 8. O-O Nxd2 9. Nxd2 O-O 10. Bg3 Bxd2 11. Qxd2 d6 12. f3 Nd7 13. b4 a5 14. a3 Qe7 15. Rfc1 e5 16. d5 e4 17. fxe4 fxe4 18. Be2 Ne5 19. Qd4 Nd3 20. Bxd3 exd3 21. Qxd3 Rfe8 22. Re1 Qe4 23. Qxe4 Rxe4 24. Rac1 axb4 25.
axb4 Ra4 26. c5 Bxd5 27. cxd6 cxd6 28. Rc8+ Kf7 29. Rf1+ Kg6 30. Rd8 Re6 31. Rxd6 Rxd6 32. Bxd6 Ra2 33. Rf2 Ra1+ 34. Rf1 Ra2 35. Rf2 Ra1+ 36.
Rf1 Ra2 1/2-1/2

[Event "Late-Titled-Tuesday-Blitz-August-29-2023"]
[Site "Chess.com"]
[Date "2023.08.29"]
[Round "8"]
[White "BozeKat"]
[Black "Sajkochess"]
[Result "0-1"]
[WhiteElo "2105"]
[BlackElo "2414"]
[TimeControl "180+1"]
[EndTime "15:25:09 PDT"]
[Termination "Sajkochess won by resignation"]

1. c4 Nf6 2. g3 e6 3. Bg2 d5 4.
Nf3 dxc4 5. Qa4+ Nbd7 6. Qxc4 a6 7. Qc2 c5 8. O-O b5 9. Ne5 Nd5 10. Nf3 Bb7 11. a3 g6 12. d4 Rc8 13. Qe4 Bg7 14.
Bg5 Qb6 15. Rc1 O-O 16. Qd3 cxd4 17. Nbd2 h6 18. Bf4 Nxf4 19. gxf4 Nc5 20. Qb1 Rfd8 21. b4 Na4 22. Ra2 Nc3 0-1

[Event "Late-Titled-Tuesday-Blitz-August-29-2023"]
[Site "Chess.com"]
[Date "2023.08.29"]
[Round "8"]
[White "Dhaydon19"]
[Black "KrokerGuy"]
[Result "1-0"]
[WhiteElo "2666"]
[BlackElo "2508"]
[TimeControl "180+1"]
[EndTime "15:25:14 PDT"]
[Termination "Dhaydon19 won by resignation"]

1. e4 e5 2. Nc3 Nf6 3. Nf3 Nc6 4. Bb5 Bb4 5. d3 d6 6. h3 h6 7. O-O Bxc3 8. bxc3 O-O 9. Bc4 Be6 10. Bb3 Qd7 11. Nh4 Bxh3 12. f4 Bg4 13. Qe1 exf4 14. Bxf4 Nh5 15. Be3 Be6 16. Nf5 Bxf5 17. Rxf5 g6 18. Qh4 Ng7 19. Rf6 Qe7 20. Bxh6 Na5 21. Bxg7 Kxg7 22. Rxg6+ fxg6 23. Qxe7+ 1-0

[Event "Late-Titled-Tuesday-Blitz-August-29-2023"]
[Site "Chess.com"]
[Date "2023.08.29"]
[Round "8"]
[White "Sjakkerntobi"]
[Black "tteshan"]
[Result "1-0"]
[WhiteElo "2479"]
[BlackElo "2560"]
[TimeControl "180+1"]
[EndTime "15:25:16 PDT"]
[Termination "Sjakkerntobi won by resignation"]

1. e4 c5 2. Nf3 Nc6 3. d4 cxd4 4. Nxd4 g6 5. Nc3 Bg7 6. Be3 Nf6 7. Bc4 O-O 8. Bb3 d6 9. f3 Bd7 10. Qd2 Rc8 11. h4 h5 12. g4 Ne5 13. O-O-O Nc4 14. Bxc4 Rxc4 15. gxh5 Nxh5 16. Rdg1 b5 17. Nf5 gxf5 18.
Bh6 f6 19. Bxg7 Nxg7 20. Qg2 Rf7 21. h5 Kh8 22. Qg6 Qf8 23. h6 Ne6 24. Qg7+ Rxg7 25. hxg7+ Kg8 26. Rh8+ Kf7 27. Rxf8+ 1-0

[Event "Late-Titled-Tuesday-Blitz-August-29-2023"]
[Site "Chess.com"]
[Date "2023.08.29"]
[Round "8"]
[White "Incognito_Knight"]
[Black "Msb2"]
[Result "0-1"]
[WhiteElo "2798"]
[BlackElo "3009"]
[TimeControl "180+1"]
[EndTime "15:25:17 PDT"]
[Termination "Msb2 won on time"]

1. b3 d5 2. Bb2 Bf5 3. d3 e6 4.
Nf3 Nf6 5. g3 a5 6. a3 a4 7. b4 c5 8. b5 Qa5+ 9. Nbd2 Qxb5 10.
Bxf6 gxf6 11. e4 Bg6 12. exd5 exd5 13. Bg2 Bg7 14. Qe2+ Kf8 15. O-O Qd7 16. Rfe1 Nc6 17. Rab1 Bh6 18. c4 dxc4 19. Nxc4 Qxd3 20. Qa2 Kg7 21.
Rxb7 Rhe8 22. Rc7 Nd4 23. Rxe8 Rxe8 24. Nd6 Nxf3+ 25. Bxf3 Re1+ 0-1

[Event "Late-Titled-Tuesday-Blitz-August-29-2023"]
[Site "Chess.com"]
[Date "2023.08.29"]
[Round "8"]
[White "bazar-wokzal"]
[Black "nitpicker"]
[Result "1-0"]
[WhiteElo "2547"]
[BlackElo "2293"]
[TimeControl "180+1"]
[EndTime "15:25:19 PDT"]
[Termination "bazar-wokzal won by resignation"]

1. e4 c5 2. c3 g6 3. d4 cxd4 4. cxd4 d5 5. e5 Nc6 6. Nc3 Bg7 7. Bf4 f6 8. Nf3 Nh6 9. Qd2 Nf7 10. Bb5 O-O 11.
Bxc6 bxc6 12. O-O fxe5 13. dxe5 Bg4 14. Nd4 c5 15. Nc6 Qd7 16. Nxd5 Kh8 17. Ndxe7 Qxd2 18. Bxd2 Nxe5 19. Bc3 Nxc6 20. Bxg7+ Kxg7 21. Nxc6 Rf6 22. Ne5 Be2 23. Rfe1 Ba6 24. Rac1 Raf8 25. Nd7 Rxf2 26.
Nxf8 Rxf8 27. Rxc5 Rf7 28. h3 Bb7 29. Rec1 Be4 30. Rc7 a5 31. Rxf7+ Kxf7 32. Rc7+ Kf6 33.
Rxh7 g5 34. Ra7 1-0

[Event "Late-Titled-Tuesday-Blitz-August-29-2023"]
[Site "Chess.com"]
[Date "2023.08.29"]
[Round "8"]
[White "Zampronha1971"]
[Black "SHIVACalypso"]
[Result "1/2-1/2"]
[WhiteElo "2317"]
[BlackElo "2514"]
[TimeControl "180+1"]
[EndTime "15:25:20 PDT"]
[Termination "Game drawn by repetition"]

1. e4 c6 2. d4 d5 3. e5 Bf5 4. Nf3 c5 5. Bb5+ Nc6 6. O-O e6 7. c4 a6 8. Ba4 dxc4 9. Bxc6+ bxc6 10. Qa4 Be4 11. dxc5 Bxc5 12. Qxc4 Qd5 13. Nbd2 Qxc4 14. Nxc4 Bxf3 15. gxf3 Ne7 16. Be3 Bxe3 17. Nd6+ Kf8 18.
fxe3 f6 19. Nc4 Kf7 20. Rfd1 Rhd8 21. Kf2 Nd5 22. e4 Nf4 23. Nd6+ Kg6 24. exf6 Kxf6 25. Ke3 e5 26. Nc4 Ne6 27. Rd2 Nd4 28. Rad1 Nc2+ 29.
Ke2 Nd4+ 30. Ke3 Nc2+ 31. Ke2 Nd4+ 32. Ke3 1/2-1/2